AoeStats
← Axolot

Arena

505558865Analyzed
2v2 RM · 22d ago on Sep 10, 2026· 43m 13s· 4 players
Game mode
Random Map
Map size
Medium (4 player)
Population
200
Speed
Normal
Resources
Standard
Victory
Conquest
Starting age
Dark Age
Ending age
Imperial Age
RankedLock teamsTeams togetherTeam positionsShared explorationLock speedFull tech treeHidden civsTurbo modeCheats
Victory
Defeat
🇦🇷 Georgians · Argentina
1523
+13
🇦🇷 Bengalis · Argentina
1518
+13
🇫🇷 Aztecs · France
1536
-16
1387
-10
Kvaratskhelia
11:10 Feudal Age
14:42 Castle Age
13:14 Double-Bit Axe
13:09 Horse Collar
13:57 Gold Mining
14:43 Loom
15:45 Bow Saw
19:46 Sanctity
22:06 Fervor
23:20 Atonement
25:08 Wheelbarrow
34:55 Imperial Age
33:01 Pikeman
33:43 Scale Mail Armor
35:54 Chain Mail Armor
36:43 Conscription
40:22 Plate Mail Armor
40:55 Fletching
41:05 Padded Archer Armor
41:44 Block Printing
41:36 Bodkin Arrow
41:02 Crossbowman
42:39 Leather Archer Armor
| ArCas | Cristiano Onagro
6:33 Loom
9:02 Feudal Age
9:39 Double-Bit Axe
11:13 Fletching
13:30 Horse Collar
18:50 Wheelbarrow
22:14 Castle Age
25:57 Bow Saw
26:25 Bodkin Arrow
27:32 Hand Cart
27:05 Town Watch
31:47 Imperial Age
30:32 Masonry
31:26 Chemistry
34:06 Fortified Wall
34:09 Pikeman
34:49 Squires
39:40 Scale Mail Armor
Dino_Mate
10:57 Feudal Age
14:42 Castle Age
13:13 Double-Bit Axe
15:52 Bow Saw
22:01 Horse Collar
23:23 Bloodlines
23:14 Husbandry
22:52 Light Cavalry
23:48 Stone Mining
24:05 Loom
25:04 Fletching
26:13 Wheelbarrow
25:58 Forging
26:45 Husbandry
27:56 Bloodlines
28:06 Forging
27:57 Scale Mail Armor
28:05 Scale Barding Armor
31:56 Iron Casting
32:40 Town Watch
38:06 Imperial Age
36:43 Heavy Plow
36:24 Crossbowman
37:17 Bodkin Arrow
38:22 Padded Archer Armor
38:49 Ballistics
38:56 Bracer
39:38 Parthian Tactics
39:35 Leather Archer Armor
40:46 Chemistry
41:11 Heavy Cavalry Archer
42:23 Chain Barding Armor
41:45 Capped Ram
44:03 Conscription
Axolot
8:30 Feudal Age
7:27 Loom
16:13 Wheelbarrow
15:56 Horse Collar
16:19 Double-Bit Axe
22:46 Castle Age
21:03 Stone Mining
21:19 Town Watch
21:48 Gold Mining
23:57 Bow Saw
23:49 Heavy Plow
24:02 Forging
24:04 Scale Barding Armor
25:17 Fletching
26:08 Iron Casting
30:54 Fletching
32:04 Husbandry
32:31 Bodkin Arrow
34:10 Bloodlines
35:00 Chain Barding Armor
38:31 Devotion
39:44 Ballistics
39:30 Paiks
41:00 Padded Archer Armor
41:15 Masonry
Connection lost

Rejoining the realm…

Still unreachable

The connection could not be restored.

Session expired

The server has moved on; the page needs a fresh start.